 Dungeon Crawl Stone Soup version 0.18.1-50-g88ac8fd (webtiles) character file.

451 Peloso the Skirmisher (level 7, -5/57 (60) HPs)
             Began as a Ghoul Fighter on Oct 30, 2016.
             Was an Initiate of Okawaru.
             Slain by a troll (11 damage)
             ... on level 5 of the Dungeon.
             The game lasted 00:09:35 (3470 turns).

Peloso the Skirmisher (Ghoul Fighter)               Turns: 3470, Time: 00:09:36

HP:   -5/57 (60)    AC:  9    Str: 25    XL:     7   Next: 4%
MP:   6/6           EV:  7    Int:  3    God:    Okawaru [......]
Gold: 133           SH: 10    Dex: 10    Spells: 0 memorised, 6 levels left

rFire  . . .     SeeInvis .     a - +0 long sword
rCold  + . .     Gourm    .     v - +0 chain mail
rNeg   + + +     Faith    .     c - +0 shield
rPois  ∞         Spirit   .     (no helmet)
rElec  .         Dismiss  .     (no cloak)
rCorr  .         Reflect  .     (no gloves)
SustAt .         Harm     .     (no boots)
MR     .....                    (no amulet)
Stlth  ..........               (no ring)
                                (no ring)

@: mighty, rotting, not resistant to hostile enchantments, extremely unstealthy
A: rotting body, claws 1, carnivore 3, cold resistance 1, negative energy
resistance 3, slow regeneration 1, torment resistance, unbreathing
a: Renounce Religion


You were on level 5 of the Dungeon.
You worshipped Okawaru.
Okawaru was noncommittal.
You were not hungry.

You visited 2 branches of the dungeon, and saw 6 of its levels.

You collected 133 gold pieces.

Inventory:

Hand Weapons
 a - a +0 long sword (weapon)
Armour
 b - a +0 scale mail
 c - a +0 shield (worn)
 v - a +0 chain mail (worn)
Wands
 k - a wand of teleportation (1/9)
 r - a wand of polymorph (9/24)
Scrolls
 e - 4 scrolls of teleportation
 h - 2 scrolls of remove curse
 m - 2 scrolls of amnesia
 o - a scroll of enchant weapon
 p - a scroll of recharging
 q - a scroll of fog
 s - a scroll of magic mapping
 u - 2 scrolls of enchant armour {unknown}
 x - 3 scrolls of blinking {unknown}
Potions
 i - 2 potions of cure mutation
 j - a potion of agility
 l - a potion of heal wounds
 n - 2 potions of curing
 t - a potion of resistance
 z - a potion of brilliance
Comestibles
 f - 2 meat rations
 g - a beef jerky
 w - a slice of pizza


   Skills:
 + Level 4.4 Fighting
 + Level 3.1 Long Blades
 + Level 4.1 Armour
 + Level 2.4 Dodging
 + Level 4.1 Shields


You had 6 spell levels left.
You didn't know any spells.

Dungeon Overview and Level Annotations

Branches:
Dungeon (5/15)             Temple (1/1) D:5

Altars:
Ashenzari
Cheibriados
Nemelex Xobeh
Okawaru
Qazlal
Ru
Sif Muna
Xom
Zin


Innate Abilities, Weirdness & Mutations

Your body is rotting away.
You thrive on raw meat.
You are immune to poison.
You have sharp fingernails.
You are carnivorous and can eat meat at any time.
Your flesh is cold resistant.
You are immune to negative energy.
You regenerate slowly when monsters are visible.
You are immune to unholy pain and torment.
You can survive without breathing.


Message History

There is an open door here.
You open the door. You block the troll's attack.
The troll claws you but does no damage. The troll claws you.
There is an open door here.
You hit the troll but do no damage. The troll bites you!
You block the troll's attack. The troll barely misses you.
You barely miss the troll. The troll barely misses you. The troll claws you.
The troll claws you! The troll bites you. You block the troll's attack. x2
You slash the troll!
The troll is moderately wounded.
You block the troll's attack.
The troll claws you but does no damage. x2
Drink which item? (? for menu, Esc to quit)
You feel very mighty all of a sudden. The troll bites you!
* * * LOW HITPOINT WARNING * * *
The troll claws you but does no damage. You block the troll's attack.
You hit the troll but do no damage.
The troll is lightly wounded.
The troll bites you!
You die...

####.......# #..#.......#
#@.#.......# ###
#+#####T#.......#######
#..###...##..###...........#
#........#.....#...........#
#........#.....'...........#
#..##..######..#...........#
#..##..######'##...>.###....
#..............#.......#....
#.........o.)..#......b#....


You could see a troll.

Vanquished Creatures
  An ogre (D:4)
  A scorpion (D:4)
  A howler monkey (D:4)
  A jelly (D:4)
  A centaur skeleton (D:4)
  An iguana (D:5)
  3 worker ants (D:4)
  Terence (D:2)
  2 adders
  6 worms
  A dart slug (D:1)
  3 giant geckos
  An orc (D:3)
  4 bats
  3 giant cockroaches (D:4)
  9 hobgoblins
  5 kobolds
  2 quokkas
  A ball python (D:1)
  8 giant newts
  2 goblins
  9 rats
66 creatures vanquished.

Notes
Turn   | Place    | Note
--------------------------------------------------------------
     0 | D:1      | Peloso the Ghoul Fighter began the quest for the Orb.
     0 | D:1      | Reached XP level 1. HP: 19/19 MP: 0/0
    80 | D:1      | Reached XP level 2. HP: 17/26 MP: 1/1
   760 | D:2      | Reached XP level 3. HP: 32/32 MP: 2/2
   968 | D:2      | Noticed Terence
  1103 | D:2      | Killed Terence
  1103 | D:2      | Reached XP level 4. HP: 17/38 MP: 3/3
  1224 | D:2      | Found a sparkling altar of Nemelex Xobeh.
  1457 | D:3      | Reached skill level 1 in Dodging
  1911 | D:3      | Found a shattered altar of Ashenzari.
  2410 | D:4      | Reached XP level 5. HP: 28/39 MP: 4/4
  2464 | D:4      | Reached XP level 6. HP: 23/46 MP: 5/5
  2872 | D:5      | Entered Level 5 of the Dungeon
  2877 | D:5      | Noticed a troll
  3085 | D:5      | Found a staircase to the Ecumenical Temple.
  3159 | Temple   | Entered the Ecumenical Temple
  3171 | Temple   | Became a worshipper of Warmaster Okawaru
  3392 | D:5      | Reached XP level 7. HP: 46/57 MP: 6/6
  3470 | D:5      | Slain by a troll

Skill      XL: |  1  2  3  4  5  6 |
---------------+-------------------+-----
Long Blades    | 2 3 |  3.1
Shields        | 3 4 |  4.1
Fighting       | 4 |  4.4
Armour         | 3 4 |  4.1
Dodging        | 1 2 |  2.4

Action                   |  1- 3 |  4- 6 |  7- 9 || total
-------------------------+-------+-------+-------++-------
Melee: Long sword        |   110 |   169 |     4 ||   283
Evoke: Wand              |       |     1 |       ||     1
  Use: Scroll            |     6 |     8 |       ||    14
       Potion            |       |     1 |     1 ||     2
  Eat: Chunk             |       |    14 |       ||    14
Armor: Scale mail        |    50 |    27 |       ||    77
       Chain mail        |       |    56 |     4 ||    60
Dodge: Dodged            |    34 |    53 |     2 ||    89
Block: Shield            |    57 |   109 |     7 ||   173
